AoeStats
← hrx.com

Arena

510539474Analyzed
4v4 RM · 2d ago on Oct 1, 2026· 57m 13s· 8 players
Game mode
Random Map
Map size
Large (8 player)
Population
200
Speed
Normal
Resources
Standard
Victory
Conquest
Starting age
Dark Age
Ending age
Imperial Age
RankedLock teamsTeams togetherTeam positionsShared explorationLock speedFull tech treeHidden civsTurbo modeCheats
Victory
Defeat
🇷🇺 Franks · Russia
989
+14
🇺🇸 Bulgarians · United States
988
+14
🇹🇼 Wu · Taiwan
986
+14
🇩🇪 Huns · Germany
970
+15
🇹🇼 Franks · Taiwan
1015
-16
🇨🇳 Mongols · China
979
-16
🇹🇼 Danes · Taiwan
934
-14
🇨🇳 Ethiopians · China
867
-11
McArrow
10:10 Feudal Age
11:27 Loom
13:48 Castle Age
12:22 Double-Bit Axe
12:59 Horse Collar
14:05 Loom
16:24 Bow Saw
20:58 Scale Barding Armor
27:18 Chain Barding Armor
30:29 Imperial Age
29:30 Wheelbarrow
29:45 Chain Barding Armor
29:48 Fletching
30:24 Bodkin Arrow
30:54 Hand Cart
31:28 Bracer
31:50 Bracer
32:56 Padded Archer Armor
32:41 Heavy Cavalry Archer
33:29 Gold Mining
34:58 Gold Shaft Mining
34:28 Heavy Plow
36:17 Conscription
36:56 Parthian Tactics
36:46 Thumb Ring
38:13 Chemistry
38:34 Ballistics
38:30 Leather Archer Armor
39:12 Parthian Tactics
40:25 Stone Mining
40:43 Onager
42:55 Stone Shaft Mining
43:13 Plate Barding Armor
44:56 Capped Ram
46:45 Siege Ram
48:14 Town Watch
49:00 Siege Onager
dideaflorinfor93
8:21 Loom
10:13 Feudal Age
9:29 Loom
12:55 Double-Bit Axe
13:47 Horse Collar
18:03 Castle Age
16:37 Stone Mining
17:01 Gold Mining
18:54 Forging
19:43 Heavy Plow
23:37 Wheelbarrow
26:34 Marauders
31:10 Imperial Age
30:18 Scale Barding Armor
33:36 Bow Saw
33:33 Pikeman
37:58 Squires
37:54 Arson
42:03 Halberdier
47:10 Iron Casting
50:36 Two-Man Saw
54:15 Blast Furnace
53:13 Man-at-Arms
55:09 Gold Shaft Mining
54:55 Light Cavalry
55:46 Bloodlines
55:12 Long Swordsman
maks777sd
11:07 Feudal Age
16:34 Castle Age
16:20 Double-Bit Axe
16:32 Gold Mining
20:09 Bow Saw
22:49 Wheelbarrow
23:54 Hand Cart
27:07 Forging
27:02 Scale Mail Armor
27:09 Scale Barding Armor
29:00 Chain Barding Armor
29:16 Iron Casting
29:54 Husbandry
30:18 Chain Mail Armor
33:32 Imperial Age
32:26 Gold Shaft Mining
31:41 Stone Mining
32:21 Loom
34:13 Cavalier
35:58 Plate Barding Armor
35:41 Paladin
37:28 Blast Furnace
42:34 Elite Throwing Axeman
44:56 Chemistry
44:17 Ballistics
44:08 Fortified Wall
43:53 Murder Holes
44:30 Heavy Scorpion
44:46 Onager
deankuo
11:51 Feudal Age
15:58 Castle Age
14:09 Double-Bit Axe
14:13 Horse Collar
17:16 Bow Saw
17:11 Heavy Plow
24:30 Wheelbarrow
24:08 Pikeman
25:19 Gold Mining
25:19 Stone Mining
25:25 Loom
30:13 Imperial Age
27:54 Fletching
28:05 Padded Archer Armor
28:40 Bodkin Arrow
29:49 Gold Shaft Mining
30:32 Ballistics
30:24 Masonry
30:27 Scale Mail Armor
30:37 Forging
31:10 Bloodlines
31:01 Husbandry
31:05 Bracer
30:28 Halberdier
31:34 Conscription
31:36 Squires
31:22 Arson
35:20 Leather Archer Armor
35:22 Chain Mail Armor
35:42 Elite Fire Archer
36:38 Heavy Hei Guang Cavalry
38:29 Architecture
39:00 Chemistry
40:39 Iron Casting
40:59 Red Cliffs Tactics
40:46 Man-at-Arms
42:10 Murder Holes
43:42 Stone Shaft Mining
44:50 Two-Man Saw
43:56 Long Swordsman
44:09 Heavy Scorpion
45:22 Plate Mail Armor
45:53 Blast Furnace
46:25 Scale Barding Armor
50:02 Light Cavalry
51:59 Hussar
56:14 Sitting Tiger
56:20 Sitting Tiger
天線迪西
12:04 Feudal Age
13:24 Double-Bit Axe
13:21 Horse Collar
14:11 Loom
16:51 Castle Age
18:12 Pikeman
19:05 Forging
18:56 Scale Mail Armor
19:02 Stone Mining
21:47 Fletching
22:20 Ballistics
25:31 Wheelbarrow
28:00 Squires
27:45 Gambesons
28:18 Heavy Plow
33:30 Imperial Age
32:47 Town Watch
33:18 Hand Cart
33:18 Bow Saw
33:59 Iron Casting
33:39 Chain Mail Armor
33:20 Bodkin Arrow
34:42 Conscription
34:30 Elite Varangian Guard
35:01 Onager
38:56 Blast Furnace
38:27 Plate Mail Armor
40:34 Chemistry
39:30 Murder Holes
39:41 Siege Engineers
39:13 Siege Onager
39:44 Halberdier
MaxC
11:16 Feudal Age
9:32 Loom
12:42 Double-Bit Axe
15:28 Castle Age
14:54 Gold Mining
16:25 Bow Saw
21:19 Stone Mining
22:28 Fervor
22:59 Wheelbarrow
28:56 Imperial Age
26:47 Hand Cart
27:37 Town Watch
27:56 Husbandry
28:51 Gold Shaft Mining
29:06 Scale Barding Armor
29:12 Forging
28:54 Fletching
29:05 Cavalier
30:59 Chemistry
29:40 Treadmill Crane
30:40 Conscription
32:31 Scale Mail Armor
32:10 Elite Throwing Axeman
32:57 Chivalry
32:20 Ordonnance Companies
33:51 Chain Mail Armor
34:12 Iron Casting
33:58 Chain Barding Armor
34:37 Paladin
36:37 Sanctity
37:19 Blast Furnace
36:48 Ballistics
38:10 Plate Barding Armor
38:04 Siege Engineers
39:04 Plate Mail Armor
40:57 Fletching
44:37 Caravan
46:05 Bodkin Arrow
45:31 Light Cavalry
46:42 Padded Archer Armor
49:26 Elite Skirmisher
52:45 Leather Archer Armor
hrxexe
11:04 Feudal Age
14:50 Castle Age
12:47 Double-Bit Axe
17:36 Bow Saw
19:13 Wheelbarrow
20:02 Loom
20:27 Horse Collar
22:21 Hand Cart
23:39 Heavy Plow
25:48 Forging
25:44 Scale Barding Armor
29:00 Imperial Age
27:10 Iron Casting
27:31 Gold Mining
28:19 Bloodlines
28:41 Husbandry
30:01 Chain Barding Armor
30:43 Blast Furnace
29:41 Town Watch
30:50 Town Patrol
32:27 Elite Steppe Lancer
34:04 Heavy Camel Rider
36:02 Light Cavalry
37:25 Gold Shaft Mining
36:41 Stone Mining
37:19 Hussar
38:01 Fletching
38:11 Padded Archer Armor
42:53 Conscription
42:34 Nomads
43:11 Hoardings
41:56 Elite Mangudai
46:40 Bodkin Arrow
47:01 Leather Archer Armor
48:56 Drill
53:03 Caravan
hrx.com
0:35 Loom
12:08 Feudal Age
13:37 Double-Bit Axe
16:16 Castle Age
15:41 Horse Collar
17:15 Bow Saw
24:42 Wheelbarrow
24:12 Heavy Plow
24:04 Gold Mining
24:06 Stone Mining
25:15 Fervor
25:48 Hand Cart
28:37 Husbandry
39:28 Imperial Age
37:41 Caravan
38:09 Light Cavalry
38:56 Scale Barding Armor
39:06 Fortified Wall
38:56 Town Watch
41:20 Chemistry
40:43 Conscription
41:33 Siege Engineers
41:24 Murder Holes
42:21 Onager
43:16 Heavy Scorpion
44:17 Thumb Ring
43:32 Crossbowman
44:30 Fletching
44:40 Padded Archer Armor
44:52 Forging
45:13 Chain Barding Armor
45:17 Ballistics
45:09 Masonry
45:42 Arbalester
46:20 Bodkin Arrow
46:41 Leather Archer Armor
46:12 Heavy Camel Rider
51:04 Two-Man Saw
50:43 Stone Shaft Mining
50:45 Gold Shaft Mining
50:15 Town Patrol
50:18 Bracer
50:54 Iron Casting
55:31 Blast Furnace
57:15 Guilds
56:56 Siege Onager
Connection lost

Rejoining the realm…

Still unreachable

The connection could not be restored.

Session expired

The server has moved on; the page needs a fresh start.